 Dungeon Crawl Stone Soup version 0.18-a0-29-gce27f3c (webtiles) character file.

93170 patman the Bludgeoner (level 15, -10/117 HPs)
             Began as a Mummy Assassin on Oct 30, 2015.
             Was an Initiate of Lugonu.
             Mangled by an alligator (27 damage)
             ... on level 1 of the Swamp on Nov 4, 2015.
             The game lasted 01:51:02 (36546 turns).

patman the Bludgeoner (Mummy Assassin)             Turns: 36546, Time: 01:51:02

Health: -10/117    AC: 42    Str: 17    XL:     15   Next: 59%
Magic:  15/15      EV: 15    Int: 15    God:    Lugonu [......]
Gold:   1816       SH:  0    Dex: 24    Spells: 0 memorised, 14 levels left

rFire  x . .     SeeInvis .     a - +8 morningstar of a Thousand Gods {crush, +Inv rN++ Str-2 Dex+4}
rCold  + + .     Clarity  .     u - +27 Lear's hauberk
rNeg   + + +     SustAt   .     (no shield)
rPois  ∞         Gourm    .     (helmet currently unavailable)
rElec  +         Spirit   .     o - +2 cloak
rCorr  .         Warding  .     (gloves currently unavailable)
rMut   .         Stasis   .     (boots currently unavailable)
MR     ++...                    (no amulet)
Stlth  ..........               H - ring "Nupnid" {Wiz rElec rC+}
                                x - ring of Lunixobb {MR+ Str+4 Int+3 Dex+2}

@: studying Earth Magic, very resistant to hostile enchantments, extremely
unstealthy
A: no food or potions, fire vulnerability, cold resistance 1, negative energy
resistance 3, torment resistance, unbreathing, in touch with death 1, restore
body
a: Self-Restoration, Renounce Religion, Evoke Invisibility


You were on level 1 of the Swamp.
You worshipped Lugonu.
Lugonu was noncommittal.
You were not hungry.

You visited 4 branches of the dungeon, and saw 26 of its levels.
You visited the Abyss 1 time.
You also visited: Labyrinth and Sewer.

You collected 11086 gold pieces.
You spent 2798 gold pieces at shops.
You paid 6472 gold pieces to Gozag.

Inventory:

Hand Weapons
 a - the +8 morningstar of a Thousand Gods (weapon) {crush, +Inv rN++ Str-2 Dex+4}
   (You bought it in a shop on level 10 of the Dungeon)

   It inflicts extra damage upon your enemies.
   It affects your strength (-2).
   It affects your dexterity (+4).
   It greatly protects you from negative energy.
   It lets you turn invisible.
 b - a +0 blowgun
 e - a +0 great mace
Missiles
 f - 10 curare-tipped needles
 L - 6 javelins of penetration (quivered)
Armour
 o - a +2 cloak (worn)
 u - the +27 Lear's hauberk (worn)
   (You found it on level 6 of the Lair of Beasts)
 C - a +0 pair of boots
 F - a +2 helmet
 K - a +1 pair of gloves
Rods
 d - a +4 lightning rod (10/10)
   (You found it in a labyrinth)
Jewellery
 r - an uncursed ring of ice
 x - the ring of Lunixobb (left hand) {MR+ Str+4 Int+3 Dex+2}
   (You bought it in a shop on level 4 of the Orcish Mines)

   [ring of strength]

   It affects your strength (+4).
   It affects your intelligence (+3).
   It affects your dexterity (+2).
   It affects your resistance to hostile enchantments.
 H - the ring "Nupnid" (right hand) {Wiz rElec rC+}
   (You found it in a labyrinth)

   [ring of wizardry]

   It improves your spell success rate.
   It protects you from cold.
   It insulates you from electricity.
 M - an uncursed ring of protection from magic
 N - an uncursed ring of teleportation
Wands
 i - a wand of paralysis (4)
 k - a wand of fireball (8)
 l - a wand of fireball (5)
 n - a wand of cold (10)
 y - a wand of digging (14)
 E - a wand of cold (8)
 U - a wand of paralysis (4)
Scrolls
 g - 8 scrolls of enchant weapon
 h - 2 scrolls of fear
 j - a scroll of identify
 p - 14 scrolls of remove curse
 q - 6 scrolls of amnesia
 s - a scroll of enchant armour
 v - a scroll of blinking
 w - 2 scrolls of recharging
 z - 3 scrolls of magic mapping
 A - 2 scrolls of brand weapon
 B - 2 scrolls of torment
 G - a scroll of fog
 P - a scroll of vulnerability
 Q - a scroll of silence
Books
 c - a book of Clouds

   Spells                             Type                      Level
   a - Mephitic Cloud                 Conjuration/Poison/Air       3
   b - Conjure Flame                  Conjuration/Fire             3
   c - Poisonous Cloud                Conjuration/Poison/Air       6
   d - Freezing Cloud                 Conjuration/Ice/Air          6
   e - Ring of Flames                 Charms/Fire                  7
 t - Sif Muna's Grimoire of Shifting Enchantment
   (You found it on level 12 of the Dungeon)

   Spells                             Type                      Level
   a - Spectral Weapon                Hexes/Charms                 3
   b - Summon Mana Viper              Hexes/Summoning              5
   c - Blade Hands                    Transmutation                5
   d - Dragon Form                    Transmutation                7
 D - a book of Ice

   Spells                             Type                      Level
   a - Ice Form                       Ice/Transmutation            4
   b - Metabolic Englaciation         Hexes/Ice                    5
   c - Ozocubu's Refrigeration        Ice                          6
   d - Bolt of Cold                   Conjuration/Ice              6
   e - Freezing Cloud                 Conjuration/Ice/Air          6
   f - Simulacrum                     Ice/Necromancy               6
 V - a book of Transfigurations

   Spells                             Type                      Level
   a - Stoneskin                      Transmutation/Earth          2
   b - Irradiate                      Conjuration/Transmutation    5
   c - Statue Form                    Transmutation/Earth          6
   d - Hydra Form                     Transmutation                6
   e - Dragon Form                    Transmutation                7
 W - Lasupp's Grimoire of Sinister Arts
   (You found it in a labyrinth)

   Spells                             Type                      Level
   a - Animate Skeleton               Necromancy                   1
   b - Corpse Rot                     Necromancy                   2
   c - Sublimation of Blood           Necromancy                   2
   d - Animate Dead                   Necromancy                   4
 X - a Fen Folio

   Spells                             Type                      Level
   a - Corpse Rot                     Necromancy                   2
   b - Stone Arrow                    Conjuration/Earth            3
   c - Leda's Liquefaction            Hexes/Earth                  4
   d - Summon Forest                  Summoning/Translocation      5
   e - Hydra Form                     Transmutation                6
   f - Summon Hydra                   Summoning                    7
 Y - a manual of Earth Magic
Miscellaneous
 R - a fan of gales


   Skills:
 - Level 10.8 Fighting
   Level 1.5 Short Blades
 * Level 15.8 Maces & Flails
 - Level 1.5 Throwing
 - Level 11.0 Armour
 - Level 10.2 Dodging
 - Level 3.2 Stealth


You had 14 spell levels left.
You didn't know any spells.

Dungeon Overview and Level Annotations

Branches:
Dungeon (12/15)            Temple (0/1) D:5            Lair (8/8) D:9
  Swamp (2/4) Lair:4        Snake (0/4) Lair:4        Slime (0/6) Lair:7
    Orc (4/4) D:12            Elf (0/3) Orc:4

Altars:
Cheibriados
Gozag
Nemelex Xobeh
Okawaru
Ru
Vehumet
Xom
Zin
Beogh
Jiyva

Shops:
D:4 :   D:5 ?(%   D:6 [   D:10 (   Orc:2 *%   Orc:4 [*}*   Lair:4 (   Lair:5 }
Lair:6 *   Lair:7 *

Annotations:
D:3 emiel's ghost, weakling FoGl
D:7 exclusion: door


Innate Abilities, Weirdness & Mutations

You do not eat or drink.
Your flesh is vulnerable to fire.
You are immune to poison.
Your flesh is cold resistant.
You are immune to negative energy.
You are immune to unholy pain and torment.
You can survive without breathing.
You are in touch with the powers of death.
You can restore your body by infusing magical energy.


Message History

You sock the alligator!
The alligator is almost dead.
The alligator bites you!
* * * LOW HITPOINT WARNING * * *
The alligator misses you.
Unknown command.
Unknown command.
Unknown command.
You sock the alligator!
The alligator is almost dead.
The alligator barely misses you.
The alligator tail-slaps you but does no damage.
The alligator closely misses you.
The alligator tail-slaps you but does no damage.
Unknown command.
Unknown command.
You barely miss the alligator.
The alligator is almost dead.
The alligator bites you!!
You die...

.≈♣≈≈..≈♣♣.≈≈...♣.........≈≈≈≈..♣
♣≈♣≈≈≈♣.♣♣..≈≈≈≈...≈♣≈..≈≈≈≈≈§..♣
≈...≈§≈♣♣♣:≈≈.≈≈≈♣.♣♣≈.≈≈≈≈≈...♣♣
≈♣≈.≈≈≈♣ ♣♣≈≈.≈≈≈≈≈♣≈♣≈≈≈≈≈≈..♣♣
.≈≈≈≈≈≈♣ ♣≈..≈...≈♣♣♣≈≈≈≈♣..♣♣
.≈.≈..≈♣ ♣.>..≈≈≈≈≈♣♣♣♣♣....♣
..≈≈≈≈≈♣♣ ♣♣...≈≈≈≈..♣ ♣♣...♣♣
♣..≈≈≈..♣ ♣≈§§t≈≈♣♣♣♣♣♣...♣.♣
≈♣.≈♣≈[.♣♣♣♣.≈≈≈@≈♣ ♣...≈≈.♣♣
≈♣(≈♣..≈...♣.♣≈..♣♣ ♣♣..≈≈..♣♣♣
≈...≈.≈≈≈≈...§≈.♣♣ ♣♣.≈≈≈...♣
§≈≈≈....≈≈≈≈≈≈..♣ ♣♣≈.≈.≈≈.
.....♣♣...≈≈≈≈.♣♣ ♣♣...≈.♣
♣♣♣♣♣♣♣♣♣...≈≈.♣ ♣♣♣...≈ ♣♣♣.≈≈.♣
♣♣... ♣≈≈≈.♣ ♣♣♣≈ ♣.≈≈.♣♣ ♣♣


You could see an alligator (berserk).

Vanquished Creatures
  A tentacled starspawn (Abyss:1)
  Nessos (Lair:7)
  A minotaur (Lab)
  Josephine (Lair:6)
  A rakshasa (Abyss:1)
  9 hydras
  5 alligators (Swamp:1)
  2 catoblepae
  20 death yaks
  A deep troll shaman (Lair:8)
  3 orc high priests (Orc:4)
  The ghost of stickyfingers the Basher, a novice OpAs of Fedhas (Lair:2)
  Sonja (D:12)
  A shambling mangrove (Swamp:1)
  2 swamp dragons (Swamp:1)
  A lindwurm (Lair:8)
  4 orc sorcerers
  3 hill giants
  2 griffons (Lair:3)
  5 orc knights
  2 ugly things
  7 elephants
  A centaur zombie (D:12)
  11 black mambas
  5 torpor snails
  4 gargoyles
  19 spiny frogs
  6 komodo dragons
  4 fire drakes
  3 polar bears
  4 trolls
  4 bog bodies
  A boulder beetle (Lair:7)
  A two-headed ogre (D:10)
  21 blink frogs
  A raiju (Abyss:1)
  A slime creature (D:12)
  3 spriggans (Swamp:1)
  2 trapdoor spiders (Lab)
  2 deep elf magi
  5 wraiths (Lair:6)
  Sigmund (D:5)
  2 small abominations (Abyss:1)
  2 basilisks
  A wyvern (Lair:8)
  Grum (D:8)
  23 yaks
  15 wolves
  6 swamp worms
  5 hippogriffs
  6 hungry ghosts
  A mottled dragon (D:11)
  10 vampire mosquitoes (Swamp:1)
  3 insubstantial wisps (Swamp:1)
  14 water moccasins
  10 porcupines
  Purgy (Sewer)
  4 wasps
  4 sky beasts
  10 ogres
  4 swamp drakes
  22 orc warriors
  5 black bears
  2 nagas (Lair:4)
  4 phantoms
  4 ice beasts
  18 crocodiles
  4 big kobolds
  18 giant frogs
  3 centaurs
  A wyvern zombie (D:11)
  4 scorpions
  6 killer bees
  13 wights
  An electric eel (D:7)
  3 crimson imps
  5 jellies
  22 orc priests
  3 giant frog skeletons
  7 hounds
  2 centaur skeletons
  14 worker ants
  31 orc wizards
  7 iguanas
  A killer bee zombie (D:9)
  32 sheep
  3 gnolls (D:6)
  12 adders
  83 river rats
  An ooze (D:3)
  An adder skeleton (D:4)
  A worm (D:4)
  2 giant geckos
  169 orcs
  3 giant cockroaches
  11 goblins
  7 hobgoblins
  9 jackals
  27 kobolds
  6 quokkas
  2 ball pythons
  8 bats
  4 giant newts
  2 quokka zombies
  5 rats
  6 plants
889 creatures vanquished.

Vanquished Creatures (others)
  Nikola (Swamp:1)
  A bog body (Swamp:1)
  2 orc wizards
  A jackal skeleton (D:7)
  31 fungi
  19 plants
55 creatures vanquished.

Grand Total: 944 creatures vanquished

Notes
Turn   | Place    | Note
--------------------------------------------------------------
     0 | D:1      | patman the Mummy Assassin began the quest for the Orb.
     0 | D:1      | Reached XP level 1. HP: 16/16 MP: 1/1
    11 | D:1      | Reached skill level 1 in Dodging
   164 | D:1      | Reached XP level 2. HP: 20/22 MP: 2/2
  1035 | D:2      | Reached XP level 3. HP: 27/27 MP: 3/3
  1241 | D:2      | Found a radiant altar of Vehumet.
  1241 | D:2      | Found an opulent altar of Gozag.
  1284 | D:2      | Became a worshipper of Gozag Ym Sagoz the Greedy
  1668 | D:3      | Upgraded the game from 0.18-a0-1-gfac8111 to 0.18-a0-19-g8b99b3a
  1749 | D:3      | Noticed emiel's ghost (weakling FoGl)
  1826 | D:4      | Reached XP level 4. HP: 18/33 MP: 4/4
  2005 | D:4      | Found Gotapraje's Book Shop.
  2012 | D:4      | Reached skill level 4 in Dodging
  2012 | D:4      | Reached XP level 5. HP: 38/38 MP: 5/5
  3220 | D:3      | Found a sacrificial altar of Ru.
  3801 | D:4      | Reached skill level 5 in Dodging
  3801 | D:4      | Reached XP level 6. HP: 34/44 MP: 6/6
  4242 | D:4      | Found a sparkling altar of Nemelex Xobeh.
  4379 | D:5      | Entered Level 5 of the Dungeon
  4379 | D:5      | Found Gujiedo's Magic Scroll Boutique.
  4454 | D:5      | Noticed Sigmund
  4718 | D:5      | Reached XP level 7. HP: 51/53 MP: 7/7
  4759 | D:5      | Killed Sigmund
  4910 | D:5      | Bought a scroll of blinking for 112 gold pieces
  4910 | D:5      | Bought a scroll of teleportation for 45 gold pieces
  4910 | D:5      | Bought a scroll of magic mapping for 52 gold pieces
  5020 | D:5      | Found Vemmol's Antique Weapon Shoppe.
  5023 | D:5      | Bought a faintly glowing rapier for 216 gold pieces
  5023 | D:5      | Identified the +6 rapier of Impermanence {flame, rF- rC+++ Str-3 Dex+4} (You bought it in a shop on level 5 of the Dungeon)
  5045 | D:5      | Found Dock's Food Emporium.
  5070 | D:5      | Reached skill level 6 in Dodging
  5074 | D:5      | Reached skill level 5 in Fighting
  5084 | D:5      | Found a staircase to the Ecumenical Temple.
  5158 | D:5      | Found a snail-covered altar of Cheibriados.
  5555 | D:5      | Reached XP level 8. HP: 61/63 MP: 8/8
  5619 | D:6      | Found a glowing drain.
  5639 | Sewer    | Entered a sewer
  5693 | Sewer    | Noticed Purgy
  5702 | Sewer    | Killed Purgy
  5848 | D:6      | You fall through a shaft for 3 floors!
  5857 | D:10     | Entered Level 10 of the Dungeon
  5866 | D:9      | Found a staircase to the Lair.
  5874 | D:9      | Found a shimmering altar of Xom.
  5932 | D:9      | Noticed a troll
  5993 | D:9      | Noticed a troll
  5995 | D:9      | Noticed a fire dragon
  6563 | D:10     | Noticed a hill giant
  6608 | D:10     | Killed a hill giant
  6608 | D:10     | Reached skill level 7 in Fighting
  7011 | D:8      | Reached XP level 9. HP: 47/72 MP: 9/9
  7269 | D:8      | Got a dazzling leather armour
  7273 | D:8      | Reached skill level 8 in Dodging
  7328 | D:8      | Identified the +4 leather armour "Alut" {*Contam rN++ Int+2 Stlth+} (You found it on level 8 of the Dungeon)
  7362 | D:7      | Found an iron altar of Okawaru.
  8422 | D:6      | Reached skill level 9 in Fighting
  9478 | D:8      | Reached XP level 10. HP: 76/83 MP: 10/10
  9570 | D:8      | Noticed Grum
  9596 | D:8      | Killed Grum
  9800 | D:8      | Reached skill level 10 in Fighting
  9805 | D:8      | Found a glowing silver altar of Zin.
 10568 | D:9      | Got a shimmering leather armour
 10571 | D:9      | Identified the +1 leather armour of Ypidufir {rPois} (You took it off an orc on level 9 of the Dungeon)
 11941 | D:10     | Reached skill level 10 in Dodging
 12360 | D:11     | Reached skill level 1 in Maces & Flails
 12414 | D:11     | Noticed a brown ugly thing
 12435 | D:11     | Killed a brown ugly thing
 12736 | Lair:1   | Entered Level 1 of the Lair of Beasts
 13026 | Lair:1   | Found a labyrinth entrance.
 13030 | Lab      | Entered a labyrinth
 13377 | Lab      | Reached XP level 11. HP: 73/92 MP: 11/11
 13906 | Lab      | Reached skill level 5 in Maces & Flails
 14165 | Lab      | Got a bound lapis lazuli ring
 14182 | Lab      | Identified the ring "Nupnid" {Wiz rElec rC+} (You found it in a labyrinth)
 14196 | Lab      | Noticed a minotaur
 14213 | Lab      | Killed a minotaur
 14227 | Lab      | Identified Lasupp's Grimoire of Sinister Arts (You found it in a labyrinth)
 14534 | Lair:1   | Got a bronze chain mail
 15722 | D:10     | Bought the +8 morningstar of a Thousand Gods {crush, +Inv rN++ Str-2 Dex+4} for 747 gold pieces
 15825 | Lair:2   | Noticed stickyfingers's ghost (novice OpAs)
 15838 | Lair:2   | Killed stickyfingers's ghost
 16816 | Lair:2   | Identified the +8 chain mail "Duirakh" {MR- MP+9 Str+4 Dex+3} (You found it on level 1 of the Lair of Beasts)
 17731 | Lair:3   | Reached XP level 12. HP: 54/99 MP: 12/12
 18002 | Lair:3   | Upgraded the game from 0.18-a0-19-g8b99b3a to 0.18-a0-23-g19353e1
 18085 | Lair:3   | Reached skill level 10 in Maces & Flails
 18804 | Lair:4   | Found a staircase to the Snake Pit.
 19013 | Lair:4   | Found a staircase to the Swamp.
 19057 | Lair:4   | Reached skill level 11 in Maces & Flails
 19313 | Lair:4   | Noticed a catoblepas
 19710 | Lair:4   | Killed a catoblepas
 20211 | Lair:5   | Identified a scroll of acquirement
 20219 | Lair:5   | Found a snail-covered altar of Cheibriados.
 20406 | Lair:5   | Reached skill level 12 in Maces & Flails
 21014 | Lair:6   | Noticed a four-headed hydra
 21223 | Lair:5   | Got a translucent chain mail
 21260 | Lair:6   | Noticed Josephine
 21295 | Lair:6   | Gained mutation: You are in touch with the powers of death. [Mummy growth]
 21295 | Lair:6   | Gained mutation: You can restore your body by infusing magical energy. [Mummy growth]
 21295 | Lair:6   | Reached XP level 13. HP: 38/105 MP: 13/13
 21643 | Lair:6   | Killed Josephine
 21902 | Lair:6   | Reached skill level 13 in Maces & Flails
 22965 | Lair:5   | Identified the +5 chain mail of Plog {*Drain MP+9 Str+6} (You found it on level 5 of the Lair of Beasts)
 23290 | Lair:6   | Reached skill level 1 in Armour
 23815 | Lair:6   | Bought a scroll of teleportation for 108 gold pieces
 23815 | Lair:6   | Bought a scroll of enchant weapon for 270 gold pieces
 23869 | Lair:6   | Reached skill level 5 in Armour
 24752 | D:11     | Identified the Grimoire of Earth and Calling
 25140 | D:12     | Noticed Sonja
 25149 | D:12     | Killed Sonja
 25596 | D:12     | Got an agate-encrusted leather armour
 25754 | D:12     | Reached XP level 14. HP: 93/111 MP: 14/14
 26054 | D:12     | Found a staircase to the Orcish Mines.
 26299 | D:12     | Identified Sif Muna's Grimoire of Shifting Enchantment
 26367 | Orc:1    | Entered Level 1 of the Orcish Mines
 26804 | Orc:2    | Found an iron altar of Okawaru.
 26887 | Orc:2    | Found Onyu's Food Boutique.
 27070 | Orc:2    | Bought a scroll of recharging for 95 gold pieces
 27070 | Orc:2    | Bought a scroll of identify for 20 gold pieces
 27070 | Orc:2    | Identified the cursed +1 leather armour "Raija" {Dex+3} (You found it on level 12 of the Dungeon)
 27439 | Orc:1    | Found a roughly hewn altar of Beogh.
 28818 | Orc:4    | Entered Level 4 of the Orcish Mines
 28959 | Orc:4    | Found a staircase to the Elven Halls.
 30439 | Orc:4    | Found Busair's Armour Boutique.
 30439 | Orc:4    | Found Dyshruce's Assorted Antiques.
 30576 | Orc:4    | Found Ickery's Assorted Antiques.
 30576 | Orc:4    | Found Mevun's Gadget Emporium.
 30587 | Orc:4    | Bought a vibrating glass ring for 200 gold pieces
 30588 | Orc:4    | Identified the ring of Lunixobb {MR+ Str+4 Int+3 Dex+2} (You bought it in a shop on level 4 of the Orcish Mines)
 30594 | Orc:4    | Bought a runed cloak for 144 gold pieces
 30615 | Orc:4    | Bought a scroll of blinking for 240 gold pieces
 30615 | Orc:4    | Bought a scroll of teleportation for 96 gold pieces
 30615 | Orc:4    | Bought a scroll of identify for 64 gold pieces
 30616 | Orc:4    | Bought a scroll labeled DURCHA BEAHOUNO for 32 gold pieces
 31095 | Lair:7   | Reached skill level 10 in Armour
 31325 | Lair:7   | Bought a scroll of brand weapon for 260 gold pieces
 31325 | Lair:7   | Bought a scroll of torment for 97 gold pieces
 31911 | Lair:7   | Noticed Nessos
 31925 | Lair:7   | Killed Nessos
 32067 | Lair:7   | Found a viscous altar of Jiyva.
 32068 | Lair:7   | Found a staircase to the Slime Pits.
 32243 | Lair:8   | Entered Level 8 of the Lair of Beasts
 32699 | Lair:8   | Reached skill level 14 in Maces & Flails
 33042 | Lair:8   | Reached XP level 15. HP: 99/117 MP: 15/15
 33931 | Swamp:1  | Entered Level 1 of the Swamp
 34286 | Swamp:1  | Reached skill level 15 in Maces & Flails
 34802 | Swamp:1  | Noticed Nikola
 34836 | Swamp:1  | Killed Nikola
 35684 | Swamp:2  | Cast into the Abyss (spriggan rider)
 35956 | Abyss:1  | Noticed a bone dragon
 36150 | Abyss:1  | Noticed a tentacled starspawn
 36152 | Abyss:1  | Killed a tentacled starspawn
 36176 | Abyss:1  | Found a corrupted altar of Lugonu.
 36181 | Abyss:1  | Upgraded the game from 0.18-a0-23-g19353e1 to 0.18-a0-24-g6e14259
 36181 | Abyss:1  | Fell from the grace of Gozag
 36181 | Abyss:1  | Became a worshipper of Lugonu the Unformed
 36181 | Abyss:1  | Reached * piety under Lugonu
 36182 | Swamp:2  | Escaped the Abyss
 36484 | Swamp:1  | Upgraded the game from 0.18-a0-24-g6e14259 to 0.18-a0-29-gce27f3c
 36546 | Swamp:1  | Mangled by an alligator

Vault maps used:
D:1:      mrwooster_arrival_statue_3
D:2:      gammafunk_temple_overflow_wave
D:3:      corexii_shack_village, marbit_many_paths, first_bread,
          nicolae_ru_sacrificial_ziggurat
D:4:      serial_shops, shop, minmay_misc_feat_alley, grunt_nemelex_the_gamble
D:5:      nicolae_overflow_crystal_walls, minmay_temple_entry_trees,
          serial_shops, shop, nicolae_shop_window_shopping, shop, uniq_sigmund
D:6:      portal_sewer_entry_d, grunt_ministairs_1
D:7:      lemuel_crystal_altar, minivault_19, lightli_minifort
D:8:      kennysheep_mini, uniq_grum
D:9:      dragon1_lemuel, xom_teletrap_fun
D:10:     blue_anna_alchemist, st_stairs_9
D:12:     nooodl_glass_maze, david_orc_4, uniq_sonja
Lair:1:   lab_entry_generic
Lair:3:   st_stairs_5
Lair:4:   swamp_mist, guppyfry_snake_entry_island
Lair:5:   minivault_23, kennysheep_snail_temple
Lair:6:   uniq_josephine, uniq_rupert
Lair:7:   dpeg_slime_entry_enclosed_altar, st_stairs_8, uniq_nessos
Lair:8:   grunt_lair_end_beastmaster
Swamp:1:  nicolae_swamp_feature_on_the_river_bank, swamp_pool1, uniq_nikola
Swamp:2:  infiniplex_staircase_pool_2
Orc:1:    basic_altar, nicolae_orc_bridge_out
Orc:2:    serial_shops, shop, nicolae_orc_lava_tube, okawaru_metal_pillars_3
Orc:3:    nicolae_orc_pool_cavern
Orc:4:    grunt_orc_tribal_feast
Lab:      nicolae_lab_quarters, nicolae_lab_diamond, labyrinth_skeletal_remains,
          nicolae_lab_garden, nicolae_lab_very_dead_end, nicolae_lab_swirl
Sewer:    sewer_the_crocodile

Action                   |  1- 3 |  4- 6 |  7- 9 | 10-12 | 13-15 || total
-------------------------+-------+-------+-------+-------+-------++-------
Melee: Dagger            |   116 |   146 |    26 |       |       ||   288
       Rapier            |       |       |   346 |   581 |       ||   927
       Morningstar       |       |       |       |   482 |  1678 ||  2160
 Fire: Blowgun           |     2 |    24 |    17 |    17 |     6 ||    66
Throw: Tomahawk          |       |       |       |     5 |       ||     5
       Stone             |       |       |       |     3 |     7 ||    10
       Throwing net      |       |       |       |     1 |       ||     1
       Javelin           |       |       |       |       |     6 ||     6
Invok: Call Merchant     |       |       |     1 |     3 |     3 ||     7
       Potion Petition   |       |       |       |       |     2 ||     2
       Depart the Abyss  |       |       |       |       |     1 ||     1
Evoke: Wand              |       |     4 |    17 |       |     1 ||    22
  Use: Scroll            |     1 |     4 |     3 |    13 |    17 ||    38
 Stab: Sleeping          |     9 |     8 |    13 |    30 |       ||    60
       Distracted        |       |     1 |     1 |    10 |    13 ||    25
       Paralysed         |       |       |     2 |       |     2 ||     4
       Held in net/web   |       |       |       |     1 |       ||     1
       Petrified         |       |       |       |       |     1 ||     1
       Confused          |       |       |       |       |     2 ||     2
